 Dungeon Crawl Stone Soup version 0.19-a0-1626-g5215c36 (webtiles) character file.

169 Alarkh the Slasher (level 5, -1/38 HPs)
             Began as a Mummy Skald on Sept 18, 2016.
             Slain by ThereIsNoGod's ghost (3 damage)
             ... on level 4 of the Dungeon.
             The game lasted 00:03:23 (2804 turns).

Alarkh the Slasher (Mummy Skald)                    Turns: 2804, Time: 00:03:24

Health: -1/38      AC:  3    Str: 13 (15) XL:     5   Next: 25%
Magic:  7/17       EV: 11    Int: 12 (13) God:
Gold:   94         SH:  0    Dex:  9 (11) Spells: 3 memorised, 2 levels left

rFire  x . .     SeeInvis .     a - +0 falchion
rCold  + . .     Gourm    .     b - +0 leather armour
rNeg   + + +     Faith    .     (no shield)
rPois  ∞         Spirit   .     (no helmet)
rElec  .         Dismiss  .     (no cloak)
rCorr  .         Reflect  .     (no gloves)
MR     .....     Harm     .     (no boots)
Stlth  +.........               (no amulet)
                                (no ring)
                                g - ring of magical power

@: infused (expiring), contaminated, glowing
A: no food or potions, fire vulnerability, cold resistance 1, negative energy
resistance 3, torment resistance, unbreathing
a: no special abilities


You were on level 4 of the Dungeon.
You were not hungry.

You visited 1 branch of the dungeon, and saw 4 of its levels.

You collected 94 gold pieces.

Inventory:

Hand Weapons
 a - a +0 falchion (weapon)
Armour
 b - a +0 leather armour (worn)
 k - a +2 hat of magic resistance
Jewellery
 g - a ring of magical power (left hand)
Wands
 j - a wand of random effects (30/48)
Scrolls
 d - a scroll of remove curse {unknown}
 e - a scroll of identify
 f - 2 scrolls of teleportation
 h - a scroll of immolation {unknown}
 i - a scroll of noise {unknown}
Books
 c - a book of Battle

   Spells                             Type                      Level
   a - Infusion                       Charms                       1
   b - Shroud of Golubria             Charms/Translocation         2
   c - Song of Slaying                Charms                       2
   d - Spectral Weapon                Hexes/Charms                 3
   e - Regeneration                   Charms/Necromancy            3


   Skills:
 - Level 2.0 Fighting
 + Level 4.5 Long Blades
 - Level 0.7 Armour
 - Level 0.7 Dodging
 - Level 2.0 Spellcasting
 - Level 2.4 Charms


You had 2 spell levels left.
You knew the following spells:

 Your Spells              Type           Power        Failure   Level  Hunger
a - Infusion              Chrm           #...         17%         1    N/A
b - Shroud of Golubria    Chrm/Tloc      #.........   34%         2    N/A
c - Spectral Weapon       Hex/Chrm       #.......     71%         3    N/A

Dungeon Overview and Level Annotations

Branches:
Dungeon (4/15)
 Temple: D:4-7

Altars:
Jiyva

Portals:
Sewer: D:4

Annotations:
D:4 ThereIsNoGod's ghost, amateur MiGl


Innate Abilities, Weirdness & Mutations

You do not eat or drink.
Your flesh is vulnerable to fire.
You are immune to poison.
Your flesh is cold resistant. (rC+)
You are immune to negative energy. (rN+++)
You are immune to unholy pain and torment.
You can survive without breathing.


Message History

ThereIsNoGod's ghost hits you!
* * * LOW HITPOINT WARNING * * *
You barely miss ThereIsNoGod's ghost.
ThereIsNoGod's ghost is lightly damaged.
ThereIsNoGod's ghost hits you but does no damage.
You barely miss ThereIsNoGod's ghost.
ThereIsNoGod's ghost is lightly damaged.
ThereIsNoGod's ghost completely misses you.
You riposte.
You closely miss ThereIsNoGod's ghost.
ThereIsNoGod's ghost is lightly damaged.
You barely miss ThereIsNoGod's ghost.
ThereIsNoGod's ghost is lightly damaged.
ThereIsNoGod's ghost hits you.
* * * LOW HITPOINT WARNING * * *
You closely miss ThereIsNoGod's ghost.
ThereIsNoGod's ghost is lightly damaged.
Your magical infusion is running out.
ThereIsNoGod's ghost wails, "To die, to sleep, no more."
ThereIsNoGod's ghost hits you.
You die...

# .. #######..
#........ #......##
### #.....$..
##.###......#
##...##......##
#....Wo........ ###.
#### ##..@####..#.##
.... ..# ##.## .#
#..###>######.##### #
#..##...##......(.#
#..##...#.#.#........
#.........##...##.#.#
#.........# #..# #
##........# ....#
####.##...#.# #...#


You could see ThereIsNoGod's ghost and an orc.

Vanquished Creatures
  A jelly (D:3)
  A worker ant (D:4)
  A hound skeleton (D:3)
  A gnoll (D:4)
  5 adders
  5 worms
  4 dart slugs
  A leopard gecko (D:2)
  An orc (D:3)
  2 giant cockroaches
  4 goblins
  12 hobgoblins
  4 jackals (D:2)
  A quokka (D:3)
  2 ball pythons (D:3)
  8 bats
  4 frilled lizards
  2 kobolds (D:2)
  5 rats
64 creatures vanquished.

Notes
Turn   | Place    | Note
-------+----------+-------------------------------------------
     0 | D:1      | Alarkh the Mummy Skald began the quest for the Orb.
     0 | D:1      | Reached XP level 1. HP: 16/16 MP: 3/3
    76 | D:1      | Reached skill level 2 in Long Blades
   103 | D:1      | Reached XP level 2. HP: 19/22 MP: 1/5
   638 | D:2      | Reached XP level 3. HP: 9/27 MP: 1/6
   785 | D:2      | Reached skill level 3 in Long Blades
   789 | D:2      | Learned a level 2 spell: Shroud of Golubria
   793 | D:2      | Learned a level 3 spell: Spectral Weapon
  1308 | D:2      | Reached XP level 4. HP: 33/33 MP: 7/7
  1679 | D:3      | Reached skill level 4 in Long Blades
  1835 | D:3      | Found a faded altar of an unknown god.
  1848 | D:3      | Became a worshipper of Jiyva Jamuath the Shapeless
  1848 | D:3      | Reached * piety under Jiyva
  1848 | D:3      | Fell from the grace of Jiyva
  2478 | D:4      | Reached XP level 5. HP: 34/38 MP: 8/8
  2514 | D:4      | Found a glowing drain.
  2544 | D:4      | HP: 1/38 [magical explosion (14)]
  2553 | D:4      | Noticed an ogre
  2786 | D:4      | Noticed ThereIsNoGod's ghost (amateur MiGl)
  2804 | D:4      | Slain by ThereIsNoGod's ghost

Vault maps used:
D:1:      minmay_arrival_plants_in_alcoves
D:2:      first_bread
D:3:      ecumenical_altar_2
D:4:      gup_sewer_entry_glass, kennysheep_generic_room_3

Skill      XL: |  1  2  3  4 |
---------------+-------------+-----
Long Blades    | 2 3 4 |  4.5
Fighting       | |  2.0
Armour         | |  0.7
Dodging        | |  0.7
Spellcasting   | |  2.0
Charms         | |  2.4

Action                   |  1- 3 |  4- 6 || total
-------------------------+-------+-------++-------
Melee: Falchion          |   133 |   111 ||   244
 Cast: Infusion          |    15 |    15 ||    30
       Shroud of Golubri |     1 |     3 ||     4
       Spectral Weapon   |       |     1 ||     1
Invok: Renounce Religion |       |     1 ||     1
  Use: Scroll            |     1 |       ||     1
 Stab: Distracted        |       |     1 ||     1
Armor: Leather armour    |    39 |    16 ||    55
Dodge: Dodged            |    77 |    48 ||   125
